 Dungeon Crawl Stone Soup version 0.28.0-56-g4927b6849a (webtiles) character file.

Game seed: 10351078057630656273

100 cbfl8 the Chopper (level 4, 0/34 HPs)
             Began as a Demonspawn Gladiator on Feb 2, 2023.
             Slain by a jackal (1 damage)
             ... on level 4 of the Dungeon.
             The game lasted 00:02:59 (2917 turns).

cbfl8 the Chopper (Demonspawn Gladiator)            Turns: 2917, Time: 00:03:00

Health: 0/34       AC:  4    Str: 16    XL:     4   Next: 47%
Magic:  4/4        EV: 12    Int: 10    God:
Gold:   63         SH:  4    Dex: 14    Spells: 3/3 levels left

rFire   . . .      SeeInvis .   a - +0 war axe
rCold   . . .      Faith    .   (no shield)
rNeg    . . .      Spirit   .   b - +0 leather armour
rPois   .          Reflect  .   c - +0 helmet
rElec   .          Harm     .   (no cloak)
rCorr   .          Rampage  .   (no gloves)
Will    .....                   (no boots)
Stlth   +.........              (no amulet)
HPRegen 0.11/turn               (no ring)
MPRegen 0.09/turn               (no ring)

@: no status effects
A: condensation shield
a: no special abilities


You were on level 4 of the Dungeon.
You visited 1 branch of the dungeon, and saw 3 of its levels.

You collected 63 gold pieces.

Inventory:

Hand Weapons
 a - a +0 war axe (weapon)
Missiles
 d - 3 throwing nets (quivered)
Armour
 b - a +0 leather armour (worn)
 c - a +0 helmet (worn)
Jewellery
 j - a ring of poison resistance
Scrolls
 e - a scroll of enchant armour {unknown}
 h - a scroll of identify {unknown}
 i - a scroll of holy word {unknown}
 k - a scroll of teleportation {unknown}
 l - a scroll of immolation {unknown}
 m - a scroll of noise {unknown}
Potions
 f - a potion of curing {unknown}
 g - a potion of flight {unknown}


   Skills:
 + Level 2.5 Fighting
 + Level 3.7 Axes
 + Level 1.8 Throwing
 + Level 0.9 Armour
 + Level 3.4 Dodging
 + Level 0.1 Stealth
 + Level 0.2 Shields


You had 3 spell levels left.
You didn't know any spells.
Your spell library contained the following spells:

 Spells                   Type           Power      Damage    Failure   Level
 Static Discharge         Conj/Air       0%         N/A       56%         2
 Lightning Bolt           Conj/Air       0%         1d11      100%        5
 Maxwell's Capacitive Co  Air            0%         ∞         100%        8


Dungeon Overview and Level Annotations

Branches:
Dungeon (2/15)

Altars:
Fedhas
Hepliaklqana
Trog
Zin

Shops:
D:4 [


Innate Abilities, Weirdness & Mutations

A meltable shield of frost defends you. (SH +4)


Message History

The kobold completely misses you.
You closely miss the kobold. You block the kobold's attack.
You slash the kobold!
You kill the kobold!
Things that are here:
a +0 short sword; 3 stones; a kobold corpse
There is an entrance to Ibrup's Armour Shop here.
Things that are here:
a +0 short sword; 3 stones; a kobold corpse You open the door.
There is an open door here.
Found a stone staircase leading down.
There is a stone staircase leading down here.
Found a pair of glowing boots.
A jackal comes into view.
A jackal comes into view. 2 jackals come into view.
The jackal barks! x4
An ogre comes into view. It is wielding a +0 giant spiked club.
The ogre shouts!
You hit the jackal but do no damage. You slash the jackal!
You kill the jackal!
The jackal bites you.
You slash the jackal!
You kill the jackal!
The jackal misses you. The jackal closely misses you.
You hit the jackal.
The jackal is lightly wounded.
You hit the jackal.
You kill the jackal!
The jackal barely misses you. You block the jackal's attack.
You barely miss the ogre. You hit the jackal.
The ogre hits you with a +0 giant spiked club!!
Ouch! That really hurt!
* * * LOW HITPOINT WARNING * * *
The jackal bites you.
* * * LOW HITPOINT WARNING * * *
The jackal misses you. The jackal bites you.
You die...

#.........##.#
#.........##.# ...#
#.........##.# ...#
###.........##.# ....#
..'..........#.# ....#
###............# .....#
###########).######.....#
#############.∩.....†.....#
................@h....[....
####.............O......###
####.#########..........#
#...(.# #..........#
#.....# ##+###+#####
#.....#########.###.#######
#.....'....................
#.....#########.###.#######
#.....# #..##.#


You could see an ogre and a jackal.

Vanquished Creatures
  Terence (D:2)
  Natasha (D:2)
  An adder (D:4)
  2 dart slugs
  An orc (D:4)
  3 goblins
  4 hobgoblins (D:1)
  3 jackals (D:4)
  7 ball pythons
  4 bats
  A frilled lizard (D:1)
  6 kobolds
  A rat (D:1)
35 creatures vanquished.

Notes
Turn   | Place    | Note
-------+----------+-------------------------------------------
     0 | D:1      | cbfl8 the Demonspawn Gladiator began the quest for the Orb.
     0 | D:1      | Reached XP level 1. HP: 16/16 MP: 1/1
   316 | D:1      | Gained mutation: A meltable shield of frost defends you.
                  | (SH +4) [demonic ancestry]
   316 | D:1      | Reached XP level 2. HP: 22/22 MP: 2/2
  1025 | D:2      | Noticed Terence
  1036 | D:2      | Killed Terence
  1037 | D:2      | Reached XP level 3. HP: 19/27 MP: 3/3
  1397 | D:2      | Noticed Natasha
  1407 | D:2      | Killed Natasha
  1408 | D:2      | Reached XP level 4. HP: 6/34 MP: 4/4
  2260 | D:2      | You fall into a shaft and drop 2 floors!
  2342 | D:4      | Found a bloodstained altar of Trog.
  2343 | D:4      | Found a hazy altar of Hepliaklqana.
  2343 | D:4      | Found a blossoming altar of Fedhas.
  2388 | D:4      | Noticed a black bear
  2818 | D:4      | Found Ibrup's Armour Shop.
  2910 | D:4      | Noticed an ogre
  2914 | D:4      | HP: 1/34 [jackal (2)]
  2917 | D:4      | Slain by a jackal

Illustrated notes

Levels and vault maps discovered:
D:1:      enne_arrival_octagon_isle, layout_basic, minmay_misc_feat_more_columns
D:2:      layout_loops_cross, minivault_27, uniq_natasha, uniq_terence
D:4:      layout_basic, chequers_temple_overflow_statue_of_worship,
          serial_shops, shop

Skill      XL: |  1  2 |
---------------+-------+-----
Axes           | 3 |  3.7
Dodging        | 3 |  3.4
Fighting       | |  2.5
Throwing       | |  1.8
Armour         | |  0.9
Stealth        | |  0.1
Shields        | |  0.2

Action                   |  1- 3 |  4- 6 || total
-------------------------+-------+-------++-------
Melee: War axe           |    72 |    40 ||   112
 Stab: Sleeping          |     1 |       ||     1
Armor: Leather armour    |    18 |    11 ||    29
Dodge: Dodged            |    57 |    28 ||    85
Block: Other             |     9 |    11 ||    20
